 Dungeon Crawl Stone Soup version 0.24.0-1-gfbc8707122 (webtiles) character file.

Game seed: 2062130667984712940, levelgen mode: deterministic

155 Aviak the Caller (level 5, -5/57 HPs)
             Began as a Draconian Summoner on Oct 26, 2019.
             Killed by divine providence
             ... invoked by an orc priest
              (11 damage)
             ... on level 3 of the Dungeon.
             The game lasted 00:05:52 (2940 turns).

Aviak the Caller (Draconian Summoner)               Turns: 2940, Time: 00:05:52

Health: -5/57      AC: 22    Str: 10    XL:     5   Next: 14%
Magic:  2/9        EV:  2    Int: 16    God:
Gold:   135        SH:  0    Dex: 12    Spells: 7/10 levels left

rFire    . . .     SeeInvis .   d - +0 spear
rCold    . . .     Gourm    .   (no shield)
rNeg     + + +     Faith    .   (armour unavailable)
rPois    +         Spirit   .   (helmet currently unavailable)
rElec    .         Reflect  .   (cloak currently unavailable)
rCorr    .         Harm     .   (gloves currently unavailable)
MR       .....     NoTele   +   (boots currently unavailable)
Stlth    ++........             (no amulet)
HPRegen  0.19/turn              (no ring)
MPRegen  0.11/turn              (no ring)

@: tree-form
A: unfitting armour, AC +5
a: no special abilities


You were on level 3 of the Dungeon.
You were not hungry.
You were a tree.
You visited 1 branch of the dungeon, and saw 3 of its levels.

You collected 135 gold pieces.

Inventory:

Hand Weapons
 a - a +0 whip
 d - a +0 spear (weapon)
 o - a +2 short sword of venom
Armour
 m - a scarf of spirit shield
 p - a +2 cloak (melded)
 q - a +0 buckler
Jewellery
 i - an uncursed amulet of regeneration
Scrolls
 c - a scroll of blinking {unknown}
 e - 2 scrolls of random uselessness {unknown}
 f - a scroll of magic mapping {unknown}
 g - a scroll of immolation
 n - 3 scrolls of enchant weapon {unknown}
 r - a scroll of remove curse {unknown}
 s - a scroll of amnesia {unknown}
 t - a scroll of noise {unknown}
 u - a scroll of fear {unknown}
Potions
 h - a potion of heal wounds
 j - a potion of degeneration {unknown}
 k - a potion of lignification {!q}
 l - 2 potions of mutation {unknown}
Comestibles
 b - 5 rations


   Skills:
 + Level 3.2 Dodging
 - Level 1.7 Stealth
 + Level 3.2 Spellcasting
 + Level 4.9 Summonings


You had 7 spell levels left.
You knew the following spells:

 Your Spells              Type           Power        Failure   Level  Hunger
a - Summon Small Mammal   Summ           ###.         2%          1    None
b - Call Imp              Summ           ###.....     3%          2    ##.....

Your spell library contained the following spells:

 Spells                   Type           Power        Failure   Level  Hunger
 Call Canine Familiar     Summ           ###.....     7%          3    ###....
 Beastly Appendage        Tmut           #.....       19%         1    None
 Summon Guardian Golem    Hex/Summ       ##......     21%         3    ###....
 Sticks to Snakes         Tmut           #.......     28%         2    ##.....
 Spider Form              Tmut/Pois      #.........   50%         3    ###....
 Summon Ice Beast         Ice/Summ       ##......     54%         4    ####...
 Summon Lightning Spire   Summ/Air       ##......     54%         4    ####...
 Ice Form                 Ice/Tmut       #.......     88%         4    ####...
 Blade Hands              Tmut           #.........   99%         5    ######.


Dungeon Overview and Level Annotations

Branches:
Dungeon (3/15)

Altars:
Fedhas
Qazlal
Zin


Innate Abilities, Weirdness & Mutations

((Your plain brown scales are hard. (AC +5)))
You cannot fit into any form of body armour.
((You are cold-blooded and may be slowed by cold attacks.))


Message History

The orc hits you but does no damage. The orc barely misses your white imp.
The orc hits your crimson imp with a +0 hand axe.
You closely miss the orc priest.
The orc priest is severely wounded.
Your crimson imp disappears in a puff of smoke!
Your crimson imp hits the orc.
The orc priest calls down the wrath of Beogh upon you.
Beogh smites you!
* * * LOW HITPOINT WARNING * * *
Your white imp barely misses the orc priest.
The orc hits your white imp with a +0 hand axe.
The orc hits you but does no damage.
The orc hits your crimson imp but does no damage.
Okay, then.
You closely miss the orc priest.
The orc priest is severely wounded.
Your crimson imp barely misses the orc.
The orc priest calls down the wrath of Beogh upon you.
Beogh smites you!
You die...

....####..###.#............
..........# #5##....#######
...######.# #.###.......# #
.........###.# #.......# #
..........##.# #.......# #
........5§...# #.......###
........#o5### #..........
........#oo## ###'##.)...
........#♣5.# #.##.....
........#.#.# #.##.....
#+#######.#.## #.##.....
#.#..# #.##..... ..##.##
#.####### ####..# #.#
##.####'#### #.##......#
#).#......#


You could see an orc priest, 2 orcs, 2 friendly crimson imps and a friendly
white imp.

Vanquished Creatures
  Natasha (D:2)
  An adder (D:3)
  An ooze (D:2)
  3 dart slugs
  An orc (D:3)
  2 giant cockroaches
  5 goblins
  4 hobgoblins
  3 jackals
  A quokka (D:3)
  3 bats (D:2)
  2 frilled lizards
  4 kobolds
  4 rats
35 creatures vanquished.

Vanquished Creatures (collateral kills)
  Crazy Yiuf (D:2)
  Natasha (twice) (D:2)
  3 gnolls (D:3)
  An adder (D:2)
  A worm (D:2)
  A leopard gecko (D:3)
  An orc (D:3)
  2 goblins
  A hobgoblin (D:2)
  2 jackals (D:2)
  A bat (D:1)
  A frilled lizard (D:1)
  A kobold (D:1)
  A rat (D:2)
19 creatures vanquished.

Grand Total: 54 creatures vanquished

Notes
Turn   | Place    | Note
-------+----------+-------------------------------------------
     0 | D:1      | Aviak the Draconian Summoner began the quest for the Orb.
     0 | D:1      | Reached XP level 1. HP: 14/14 MP: 3/3
   220 | D:1      | Reached XP level 2. HP: 19/20 MP: 1/5
   573 | D:2      | Learned a level 2 spell: Call Imp
   598 | D:2      | Found a blossoming altar of Fedhas.
   598 | D:2      | Found a stormy altar of Qazlal.
   795 | D:2      | Reached XP level 3. HP: 22/26 MP: 6/6
   970 | D:2      | Found a glowing silver altar of Zin.
  1020 | D:2      | Noticed Natasha
  1029 | D:2      | Killed Natasha
  1032 | D:2      | Noticed Natasha
  1089 | D:2      | Killed Natasha
  1089 | D:2      | Reached XP level 4. HP: 3/33 MP: 1/8
  1375 | D:2      | Noticed Natasha
  1380 | D:2      | Killed Natasha
  1732 | D:2      | Found a runed translucent door.
  1733 | D:2      | Noticed Crazy Yiuf
  1819 | D:2      | Killed Crazy Yiuf
  2417 | D:3      | Reached XP level 5. HP: 22/38 MP: 3/9
  2940 | D:3      | Killed from afar by an orc priest

Levels and vault maps discovered:
D:1:      shiori_arrival_maze, layout_rooms, minmay_tiny_reverse_x
D:2:      layout_basic, zin_statuary, grunt_temple_overflow_forces_of_nature,
          uniq_natasha, uniq_crazy_yiuf_cottage
D:3:      layout_basic

Skill      XL: |  1  2  3  4 |
---------------+-------------+-----
Dodging        | 2 3 |  3.2
Spellcasting   | 3 |  3.2
Stealth        | |  1.7
Summonings     | |  4.9

Action                   |  1- 3 |  4- 6 || total
-------------------------+-------+-------++-------
Melee: Whip              |    19 |       ||    19
       Unarmed           |     7 |       ||     7
       Tailslap          |     8 |     8 ||    16
       Spear             |    57 |    79 ||   136
 Cast: Summon Small Mamm |     5 |       ||     5
       Call Imp          |    10 |    26 ||    36
  Use: Scroll            |     3 |     2 ||     5
       Potion            |     2 |     1 ||     3
 Stab: Sleeping          |     5 |     1 ||     6
       Distracted        |       |     1 ||     1
  Eat: Chunk             |     1 |     4 ||     5
       Ration            |       |     1 ||     1
Armor: Skin              |    30 |    33 ||    63
Dodge: Dodged            |    61 |    69 ||   130
